 Dungeon Crawl Stone Soup version 0.29.1-1-gd02db6906a (webtiles) character file.

Game seed: 18377485644867585

879 quakins the Cleaver (level 7, -2/59 HPs)
             Began as a Minotaur Berserker on Oct 1, 2022.
             Was a Believer of Trog.
             Slain by a water moccasin (4 damage)
             ... on level 5 of the Dungeon.
             The game lasted 00:15:28 (6041 turns).

quakins the Cleaver (Minotaur Berserker)            Turns: 6041, Time: 00:15:29

Health: -2/59      AC: 10    Str: 24    XL:     7   Next: 75%
Magic:  6/6        EV:  8    Int:  4    God:    Trog [**....]
Gold:   169        SH:  0    Dex:  9    Spells: 6/6 levels left

rFire   x . .      SeeInvis .   a - +1 hand axe
rCold   + + .      Faith    .   (no shield)
rNeg    . . .      Spirit   .   o - +0 chain mail
rPois   .          Reflect  .   (helmet restricted)
rElec   .          Harm     .   (no cloak)
rCorr   .          Rampage  .   d - +0 pair of gloves
Will    ++...                   (no boots)
Stlth   ..........              (no amulet)
HPRegen 1.19/turn               f - ring of ice
MPRegen 0.10/turn               (no ring)

@: lethally poisoned (-2 -> -5), strong-willed (expiring), on berserk cooldown,
regenerating (expiring), slowed, very slow
A: horns 2, retaliatory headbutt, cold resistance 1
a: Renounce Religion, Berserk, Trog's Hand


You were on level 5 of the Dungeon.
You worshipped Trog.
Trog was pleased with you.
You visited 1 branch of the dungeon, and saw 5 of its levels.

You collected 169 gold pieces.

Inventory:

Hand Weapons
 a - a +1 hand axe (weapon)
Armour
 d - a +0 pair of gloves (worn)
 j - a +0 ring mail
 n - a +1 scale mail
 o - a +0 chain mail (worn)
Jewellery
 f - a ring of ice (left hand)
 i - an amulet of magic regeneration
Wands
 k - a wand of iceblast (13)
Scrolls
 l - a scroll of teleportation
 m - 2 scrolls of identify
Potions
 b - a potion of curing
 c - a potion of flight
 e - 2 potions of mutation
 g - a potion of brilliance {unknown}
 h - a potion of haste


   Skills:
 - Level 4.0 Fighting
 + Level 10.7 Axes
 - Level 3.0 Armour
 - Level 2.7 Dodging


You had 6 spell levels left.
You didn't know any spells.
Your spell library was empty.

Dungeon Overview and Level Annotations

Branches:
Dungeon (5/15)
 Temple: D:4-7

Altars:
Dithmenos
Yredelemnul

Shops:
D:5 *


Innate Abilities, Weirdness & Mutations

You have a pair of horns on your head.
You reflexively headbutt those who attack you in melee.
Your flesh is cold resistant. (rC+)


Message History

You are more poisoned.
The water moccasin poisons you!
You slash the water moccasin!
Your headbutt misses the water moccasin.
The water moccasin is moderately wounded.
* * * LOW HITPOINT WARNING * * *
You feel very sick. The water moccasin bites you.
* * * LOW HITPOINT WARNING * * *
The water moccasin closely misses you.
You feel better. The water moccasin bites you.
* * * LOW HITPOINT WARNING * * *
You are poisoned.
The water moccasin poisons you!
The water moccasin bites you but does no damage.
You closely miss the water moccasin.
Your headbutt misses the water moccasin.
The water moccasin is moderately wounded.
You feel very sick.
The water moccasin completely misses you.
You furiously retaliate!
You headbutt the water moccasin.
You hit the water moccasin but do no damage.
Your headbutt misses the water moccasin.
The water moccasin is heavily wounded.
You feel sick.
The water moccasin bites you but does no damage. x2
You closely miss the water moccasin.
The water moccasin is moderately wounded.
You feel the effects of Trog's Hand fading.
You feel sick. The water moccasin bites you.
* * * LOW HITPOINT WARNING * * *
You are lethally poisoned!
The water moccasin poisons you!
You miss the water moccasin.
Your headbutt misses the water moccasin.
The water moccasin is moderately wounded.
* * * LOW HITPOINT WARNING * * *
You feel very sick. The water moccasin bites you.
You die...

# .## #..
##########...#
.........#.#.##
#............
#........# .
#..†....#...#
#..@S.....∩..
#.......#...#
#........#.#.
#....##......
####.# ......
#.# .####+ ..#
.. ### #


You could see a water moccasin.

Vanquished Creatures
  Grinder (D:3)
  A water moccasin (D:5)
  A black bear (D:4)
  An ice beast (D:3)
  A phantom (D:4)
  Jessica (D:2)
  An orc wizard (D:4)
  Ijyb (D:4)
  Natasha (thrice) (D:2)
  A gnoll (D:4)
  4 adders
  2 ufetubi (D:4)
  A worm (D:2)
  A dart slug (D:3)
  6 orcs
  7 ball pythons
  10 bats
  7 endoplasms
  7 giant cockroaches
  4 goblins
  8 hobgoblins
  2 jackals (D:1)
  10 kobolds
  6 quokkas
  2 frilled lizards (D:1)
  6 rats
95 creatures vanquished.

Vanquished Creatures (others)
  A plant (D:2)
1 creature vanquished.

Grand Total: 96 creatures vanquished

Notes
Turn   | Place    | Note
-------+----------+-------------------------------------------
     0 | D:1      | quakins the Minotaur Berserker began the quest for the Orb.
     0 | D:1      | Reached XP level 1. HP: 19/19 MP: 0/0
   295 | D:1      | Reached XP level 2. HP: 26/27 MP: 1/1
   703 | D:1      | Reached skill level 4 in Axes
   850 | D:1      | Reached ** piety under Trog
  1033 | D:2      | Reached XP level 3. HP: 33/33 MP: 2/2
  1303 | D:2      | Gained mutation: Your flesh is cold resistant. (rC+)
                  | [potion of mutation]
  1442 | D:2      | Noticed Jessica
  1460 | D:2      | Killed Jessica
  1461 | D:2      | Reached skill level 5 in Axes
  1461 | D:2      | Reached XP level 4. HP: 33/40 MP: 3/3
  1698 | D:2      | Noticed Natasha
  1706 | D:2      | Killed Natasha
  1710 | D:2      | HP: 2/40 [poisoned by an adder]
  2515 | D:2      | Reached skill level 6 in Axes
  2541 | D:2      | Noticed Natasha
  2548 | D:2      | Killed Natasha
  2549 | D:2      | Reached XP level 5. HP: 46/46 MP: 4/4
  2645 | D:2      | Noticed Natasha
  2657 | D:2      | Killed Natasha
  4237 | D:3      | Found a shadowy altar of Dithmenos.
  4238 | D:3      | Noticed Grinder
  4390 | D:3      | Noticed an ice beast
  4400 | D:3      | Killed an ice beast
  4401 | D:3      | Reached skill level 7 in Axes
  4401 | D:3      | Reached XP level 6. HP: 52/52 MP: 5/5
  4652 | D:3      | Paralysed by Grinder for 3 turns
  4668 | D:3      | Paralysed by Grinder for 4 turns
  4679 | D:3      | Paralysed by Grinder for 5 turns
  4684 | D:3      | HP: 2/52 [Grinder/nerve-wracking pain (5)]
  4687 | D:3      | Paralysed by Grinder for 2 turns
  4888 | D:3      | Killed Grinder
  4889 | D:3      | Reached skill level 9 in Axes
  5200 | D:4      | Reached XP level 7. HP: 53/59 MP: 6/6
  5371 | D:4      | Noticed Ijyb
  5381 | D:4      | Killed Ijyb
  5382 | D:4      | Reached skill level 10 in Axes
  5776 | D:4      | Found a basalt altar of Yredelemnul.
  6011 | D:5      | Entered Level 5 of the Dungeon
  6011 | D:5      | Found Tarchiwau's Overcharged Wands.
  6041 | D:5      | HP: 2/59 [poisoned by a water moccasin]
  6041 | D:5      | Slain by a water moccasin

Illustrated notes

Levels and vault maps discovered:
D:1:      minmay_arrival_widening_spiral_wide, layout_loops_ring,
          patterned_corridor
D:2:      minmay_general_purpose_star, layout_loops_corners,
          serial_bayou_pond_d, grunt_ministairs_4, minmay_misc_feat_ornament,
          serial_bayou_pond_d, minmay_small_reverse_x, uniq_jessica,
          uniq_natasha
D:3:      layout_basic, overflow_temple_1_default,
          corexii_item_surrounded_by_moat, uniq_grinder
D:4:      nicolae_cairo_tiling_large, layout_cave_pods,
          mainiacjoe_overflow_cross_hatched, chequers_serial_rivers_micro_d,
          wad_rectangle_vault, uniq_ijyb
D:5:      layout_basic, temple_doors_cd, nicolae_shop_overcharged_wands

Skill      XL: |  1  2  3  4  5  6  7 |
---------------+----------------------+-----
Armour         | 3 |  3.0
Axes           | 4 5 6 7 9 10 | 10.7
Fighting       | 4 |  4.0
Dodging        | |  2.7

Action                   |  1- 3 |  4- 6 |  7- 9 || total
-------------------------+-------+-------+-------++-------
Melee: Hand axe          |    72 |    91 |    67 ||   230
       Headbutt          |     6 |    15 |     9 ||    30
Invok: Berserk           |     1 |     6 |     2 ||     9
       Trog's Hand       |       |     2 |     2 ||     4
  Use: Potion            |     2 |     5 |     1 ||     8
       Scroll            |     2 |     5 |       ||     7
Armor: Animal skin       |    16 |       |       ||    16
       Ring mail         |     4 |     8 |       ||    12
       Scale mail        |       |    16 |    24 ||    40
       Chain mail        |       |       |    14 ||    14
Dodge: Dodged            |    62 |    47 |    27 ||   136
